 Dungeon Crawl Stone Soup version 0.23.2-32-g37ab1d4649 (webtiles) character file.

Game seed: 1373730501585410528

305 FABLE the Stinger (level 6, -6/52 HPs)
             Began as a Draconian Venom Mage on June 25, 2019.
             Was an Initiate of Vehumet.
             Shot with an arrow by a centaur (14 damage)
             ... on level 5 of the Dungeon.
             The game lasted 00:25:25 (2632 turns).

FABLE the Stinger (Draconian Venom Mage)            Turns: 2632, Time: 00:25:25

Health: -6/52      AC:  6    Str: 11    XL:     6   Next: 16%
Magic:  8/11       EV:  7    Int: 16    God:    Vehumet [......]
Gold:   58         SH:  9    Dex: 12    Spells: 10/11 levels left

rFire    + . .     SeeInvis .   j - +0 morningstar
rCold    . . .     Gourm    .   C - +0 large shield
rNeg     . . .     Faith    +   (armour unavailable)
rPois    .         Spirit   .   (helmet restricted)
rElec    .         Reflect  .   n - -1 cloak
rCorr    .         Harm     .   (no gloves)
MR       +....                  (no boots)
Stlth    ++........             v - amulet of faith
HPRegen  0.17/turn              p - ring of protection from fire
MPRegen  0.12/turn              y - ring of protection from magic

@: very slightly contaminated
A: unfitting armour, talons 1, robust 1, cold-blooded, AC +6
a: Renounce Religion


You were on level 5 of the Dungeon.
You worshipped Vehumet.
Vehumet was noncommittal.
You were not hungry.

You visited 2 branches of the dungeon, and saw 6 of its levels.

You collected 128 gold pieces.
You spent 70 gold pieces at shops.

Inventory:

Hand Weapons
 c - a +0 club
 d - a +0 rapier
 e - a cursed -3 club
 h - a +0 dagger
 i - a +0 flail
 j - a +0 morningstar (weapon)
 q - a +0 falchion
 w - a cursed -2 dagger
 D - a +0 giant spiked club
Missiles
 a - 9 sling bullets
 g - 13 arrows
 l - 19 stones (quivered)
Armour
 n - a -1 cloak (worn)
 s - a cursed -1 scale mail
 u - a +0 helmet
 C - a +0 large shield (worn)
 E - a +0 robe
Jewellery
 p - a ring of protection from fire (left hand)
 v - an amulet of faith (around neck)
 y - a ring of protection from magic (right hand)
Scrolls
 k - 2 scrolls of enchant armour
 z - a scroll of identify
 A - a scroll of remove curse
Potions
 f - a potion of flight
 m - a potion of might {unknown}
 o - a potion of brilliance {unknown}
 r - a potion of lignification {unknown}
 t - 2 potions of resistance {unknown}
 x - a potion of curing {unknown}
Comestibles
 b - 4 rations
 B - 10 chunks of flesh


   Skills:
 + Level 1.9 Fighting
 + Level 0.6 Short Blades
 + Level 1.2 Maces & Flails
 + Level 2.5 Dodging
 + Level 2.0 Stealth
 + Level 3.4 Spellcasting
 + Level 2.2 Conjurations
 + Level 4.4 Poison Magic


You had 10 spell levels left.
You knew the following spells:

 Your Spells              Type           Power        Failure   Level  Hunger
a - Sting                 Conj/Pois      ##..         75%         1    None

Your spell library contained the following spells:

 Spells                   Type           Power        Failure   Level  Hunger
 Poisonous Vapours        Pois/Air       #.....       95%         2    ##.....
 Animate Skeleton         Necr           N/A          99%         1    None
 Apportation              Tloc           #.....       99%         1    None
 Confusing Touch          Hex            #.....       99%         1    None
 Summon Small Mammal      Summ           #...         99%         1    None
 Mephitic Cloud           Conj/Pois/Air  #.......     99%         3    ###....
 Olgreb's Toxic Radiance  Pois           ###.....     100%        4    ####...
 Venom Bolt               Conj/Pois      ##........   100%        5    ######.


Dungeon Overview and Level Annotations

Branches:
Dungeon (5/15)             Temple (1/1) D:4

Altars:
Ashenzari
Cheibriados
Dithmenos
Elyvilon
Fedhas
Gozag
Hepliaklqana
Makhleb
Nemelex Xobeh
Okawaru
Qazlal
Trog
Vehumet
Wu Jian
Xom
Yredelemnul
The Shining One

Shops:
D:4 %

Annotations:
D:3 1 transporter


Innate Abilities, Weirdness & Mutations

Your plain brown scales are hard. (AC +6)
You cannot fit into any form of body armour.
You are cold-blooded and may be slowed by cold attacks.
You have sharp toenails.
You are robust. (+10% HP)


Message History

You see here an arrow.
Casting: Sting (safe; 75% risk of failure)
Confirm with . or Enter, or press ? or * to list all spells.
Aiming: Sting (safe; 75% risk of failure)
Press: ? - help, Shift-Dir - straight line, f/p - centaur
Aim: a centaur, wielding a +0 shortbow You miscast Sting.
Nothing appears to happen.
The centaur shoots an arrow.
The arrow hits you!
The centaur shoots an arrow.
The arrow hits you.
The centaur shoots an arrow.
The arrow hits you!
* * * LOW HITPOINT WARNING * * *
You see here an arrow.
Casting: Sting (safe; 75% risk of failure)
Confirm with . or Enter, or press ? or * to list all spells.
Aiming: Sting (safe; 75% risk of failure)
Press: ? - help, Shift-Dir - straight line, f/p - centaur
Aim: a centaur, wielding a +0 shortbow You miscast Sting.
You feel slightly ill.
The centaur shoots an arrow.
The arrow hits you!
You die...

## . .### ... #.#
.#c######.#
.......@(.####...
##......(........
####.###Z#.###..
#. #.#.# ## #.#.#
##..###.#.####.
...............
#####.........#
#.#.#.###.#


You could see a centaur and an adder zombie.

Vanquished Creatures
  An ogre (D:4)
  A bullfrog (D:3)
  An orc priest (D:3)
  A hound (D:4)
  A gnoll (D:1)
  2 adders
  A worm (D:4)
  A dart slug (D:1)
  11 orcs
  A giant cockroach (D:1)
  8 goblins
  6 hobgoblins
  5 jackals
  A quokka (D:3)
  5 bats
  2 frilled lizards
  7 kobolds
  4 rats
59 creatures vanquished.

Notes
Turn   | Place    | Note
-------+----------+-------------------------------------------
     0 | D:1      | FABLE the Draconian Venom Mage began the quest for the Orb.
     0 | D:1      | Reached XP level 1. HP: 14/14 MP: 3/3
   189 | D:1      | Reached XP level 2. HP: 13/20 MP: 0/5
   356 | D:1      | Reached XP level 3. HP: 25/26 MP: 1/6
   948 | D:3      | Found a stormy altar of Qazlal.
  1022 | D:3      | Found a transporter.
  1064 | D:3      | Gained mutation: You are robust. (+10% HP) [potion of
                  | mutation]
  1064 | D:3      | Gained mutation: You have sharp toenails. [potion of
                  | mutation]
  1067 | D:3      | Reached skill level 4 in Poison Magic
  1067 | D:3      | Reached XP level 4. HP: 18/36 MP: 0/8
  1200 | D:3      | Found a bloodstained altar of Trog.
  1202 | D:3      | Found a glowing golden altar of the Shining One.
  1202 | D:3      | Noticed a wyvern
  1232 | D:3      | Found a transporter.
  1556 | D:3      | Noticed a bullfrog
  1620 | D:3      | Killed a bullfrog
  1620 | D:3      | Reached XP level 5. HP: 9/42 MP: 7/9
  1961 | D:4      | Found a staircase to the Ecumenical Temple.
  1984 | Temple   | Entered the Ecumenical Temple
  2025 | Temple   | Became a worshipper of Vehumet
  2332 | D:4      | Found Hennat's Food Shoppe.
  2341 | D:4      | Bought a ration for 70 gold pieces
  2417 | D:4      | Reached skill level 1 in Maces & Flails
  2527 | D:4      | Noticed an ogre
  2535 | D:4      | Killed an ogre
  2535 | D:4      | Reached skill level 1 in Fighting
  2535 | D:4      | Reached XP level 6. HP: 20/52 MP: 7/11
  2617 | D:5      | Entered Level 5 of the Dungeon
  2632 | D:5      | Shot with an arrow by a centaur

Skill      XL: |  1  2  3  4  5 |
---------------+----------------+-----
Dodging        | 2 |  2.5
Poison Magic   | 4 |  4.4
Spellcasting   | 3 |  3.4
Conjurations   | 2 |  2.2
Maces & Flails | 1 |  1.2
Fighting       | 1 |  1.9
Stealth        | 2 |  2.0
Short Blades   | |  0.6

Action                   |  1- 3 |  4- 6 || total
-------------------------+-------+-------++-------
Melee: Club              |     9 |       ||     9
       Tailslap          |     6 |       ||     6
       Flail             |    17 |       ||    17
       Rapier            |    12 |       ||    12
       Kick              |     1 |     3 ||     4
       Morningstar       |       |    33 ||    33
       Dagger            |       |     5 ||     5
 Cast: Sting             |    51 |    57 ||   108
  Use: Scroll            |     3 |     6 ||     9
       Potion            |     2 |     1 ||     3
  Eat: Ration            |       |     2 ||     2
Armor: Skin              |    19 |    32 ||    51
Dodge: Dodged            |    43 |    66 ||   109
Block: Large shield      |       |     5 ||     5
